 Dungeon Crawl Stone Soup version 0.28-a0-1435-g82390b3a13 (webtiles) character file.

Game seed: 15831107229849161828

289338 gimp the Severer (level 20, -13/178 HPs)
             Began as a Hill Orc Fighter on Jan 10, 2022.
             Was a High Priest of Okawaru.
             Mangled by a deep troll (23 damage)
             ... led by an ironbound preserver
             ... on level 1 of the Vaults.
             The game lasted 01:28:54 (53782 turns).

gimp the Severer (Hill Orc Fighter)                Turns: 53782, Time: 01:28:55

Health: -13/178    AC: 26    Str: 24    XL:     20   Next: 71%
Magic:  29/29      EV: 16    Int: 14    God:    Okawaru [*****.]
Gold:   3621       SH: 21    Dex: 12    Spells: 19/19 levels left

rFire   . . .      SeeInvis +   a - +5 war axe (elec)
rCold   . . .      Faith    .   N - +0 tower shield
rNeg    . . .      Spirit   .   R - +3 acid dragon scales "Kiucaif" {rPois Will+ rCorr}
rPois   +          Reflect  .   I - +0 helmet {SInv}
rElec   .          Harm     .   r - +1 cloak "Fussaul" {Rampage Int+2}
rCorr   +          Rampage  ∞   n - +0 pair of gloves
Will    +++..                   j - +3 pair of seven-league boots {Rampage+∞}
Stlth   ++........              M - amulet of the acrobat
HPRegen 0.39/turn               o - ring "Domyfel" {Will+ rCorr Int+4}
MPRegen 0.21/turn               O - ring of flight

@: heroic, flying
A: clumsy 1
}: 2/15 runes: barnacled, gossamer
a: Renounce Religion, Heroism, Finesse, Duel


You were on level 1 of the Vaults.
You worshipped Okawaru.
Okawaru was extremely pleased with you.
You visited 7 branches of the dungeon, and saw 33 of its levels.
You also visited: Sewer, Bailey, Gauntlet and Volcano.

You collected 4290 gold pieces.
You spent 669 gold pieces at shops.

Inventory:

Hand Weapons
 a - a +5 war axe of electrocution (weapon)
 b - a +2 war axe of flaming
 u - a +0 broad axe
Missiles
 g - 79 poisoned darts
 w - 13 curare-tipped darts (quivered)
 B - 8 throwing nets
 L - 6 silver javelins
 S - 28 javelins
Armour
 j - the +3 pair of seven-league boots (worn) {Rampage+∞}
   (You found it on level 10 of the Dungeon)

   Its wearer moves as far as possible in that direction when moving towards
   enemies.
 n - a +0 pair of gloves (worn)
 r - the +1 cloak "Fussaul" (worn) {Rampage Int+2}
   (Okawaru gifted it to you on level 14 of the Dungeon)

   Int:       It affects your intelligence (+2).
   Rampage:   It bestows one free step when moving towards enemies.
 t - the +14 chain mail of the Evening {Regen+ Slay+6}
   (Okawaru gifted it to you on level 4 of the Lair of Beasts)

   Slay:      It affects your accuracy & damage with ranged weapons and melee
   (+6).
   Regen:     It increases your rate of health regeneration.
 I - a +0 helmet of see invisible (worn)
 N - a +0 tower shield (worn)
 R - the +3 acid dragon scales "Kiucaif" (worn) {rPois Will+ rCorr}
   (You took it off a minotaur in a Gauntlet)

   rPois:     It protects you from poison.
   rCorr:     It protects you from acid and corrosion.
   Will:      It increases your willpower.
Jewellery
 o - the ring "Domyfel" (left hand) {Will+ rCorr Int+4}
   (You found it on level 3 of the Dungeon)

   [ring of resist corrosion]

   Int:       It affects your intelligence (+4).
   rCorr:     It protects you from acid and corrosion.
   Will:      It increases your willpower.
 J - a ring of ice
 M - an amulet of the acrobat (around neck)
 O - a ring of flight (right hand)
 Q - the ring "Jalis" {Wiz rN+ rCorr}
   (You found it in a Gauntlet)

   [ring of wizardry]

   It improves your spell success rate.
   rN:        It protects you from negative energy.
   rCorr:     It protects you from acid and corrosion.
 Y - a ring of protection from fire
Wands
 p - a wand of iceblast (26)
 q - a wand of acid (8)
 C - a wand of flame (28)
 U - a wand of mindburst (26)
 W - a wand of digging (18)
Scrolls
 c - a scroll of enchant weapon
 k - 2 scrolls of blinking
 l - 2 scrolls of magic mapping
 m - 10 scrolls of teleportation
 s - 6 scrolls of amnesia
 v - a scroll of silence
 y - 3 scrolls of holy word
 D - 3 scrolls of enchant armour
 K - 4 scrolls of fog
 P - 4 scrolls of fear
 T - 3 scrolls of vulnerability
Potions
 d - a potion of might
 e - 3 potions of magic
 f - 5 potions of heal wounds
 h - 15 potions of ambrosia
 i - 5 potions of haste
 x - 14 potions of curing
 z - 5 potions of brilliance
 E - a potion of resistance
 F - 5 potions of mutation
 G - 2 potions of cancellation
 H - 4 potions of invisibility
Miscellaneous
 A - a phial of floods
 V - a condenser vane (inert)
 X - a tin of tremorstones (2/2)


   Skills:
 - Level 15.0(20.0) Fighting
 - Level 18.0(23.0) Axes
 * Level 15.6(20.6) Throwing
 - Level 15.0(20.0) Armour
 - Level 8.1(13.1) Dodging
 + Level 16.3(21.3) Shields
 - Level 13.0 Invocations
 - Level 15.0 Evocations


You had 19 spell levels left.
You didn't know any spells.
Your spell library contained the following spells:

 Spells                   Type           Power      Damage    Failure   Level
 Foxfire                  Conj/Fire      0%         2x1d4     52%         1
 Sting                    Tmut/Pois      0%         1d3       52%         1
 Corpse Rot               Necr/Air       0%         N/A       65%         2
 Poisonous Vapours        Pois/Air       0%         N/A       65%         2
 Scorch                   Fire           0%         2d5       65%         2
 Conjure Flame            Conj/Fire      0%         6-21      87%         3
 Dazzling Flash           Conj/Hex       0%         N/A       87%         3
 Inner Flame              Hex/Fire       0%         N/A       87%         3
 Spider Form              Tmut/Pois      0%         N/A       87%         3
 Cause Fear               Hex            0%         N/A       99%         4
 Dispel Undead            Necr           0%         3d6       99%         4
 Flame Wave               Conj/Fire      0%         2d4       99%         4
 Olgreb's Toxic Radiance  Pois           0%         N/A       99%         4
 Passage of Golubria      Tloc           0%         N/A       99%         4
 Agony                    Necr           0%         N/A       100%        5
 Freezing Cloud           Conj/Ice/Air   0%         6-21      100%        5
 Silence                  Hex/Air        0%         N/A       100%        5
 Yara's Violent Unravell  Hex/Tmut       0%         3d3       100%        5
 Dragon Form              Tmut           0%         N/A       100%        7
 Polar Vortex             Ice            0%         N/A       100%        9
 Tukima's Dance           Hex            Unusable   N/A       N/A         3
 Animate Dead             Necr           Unusable   N/A       N/A         4
 Death Channel            Necr           Unusable   N/A       N/A         6
 Simulacrum               Ice/Necr       Unusable   N/A       N/A         6
 Summon Cactus Giant      Summ           Unusable   N/A       N/A         6
 Haunt                    Necr/Summ      Unusable   N/A       N/A         7
 Dragon's Call            Summ           Unusable   N/A       N/A         9

Dungeon Overview and Level Annotations

Branches:
Dungeon (15/15)            Temple (1/1) D:7            Lair (6/6) D:9
 Shoals (4/4) Lair:4       Spider (4/4) Lair:3        Slime (0/5) Lair:5
    Orc (2/2) D:11            Elf (0/3) Orc:2        Vaults (1/5) D:14
 Depths (0/4) D:15          Sewer (visited)          Bailey (visited)
Volcano (visited)         Gauntlet (visited)

Altars:
Ashenzari
Cheibriados
Dithmenos
Elyvilon
Fedhas
Gozag
Hepliaklqana
Kikubaaqudgha
Makhleb
Nemelex Xobeh
Okawaru
Qazlal
Ru
Sif Muna
Trog
Uskayaw
Vehumet
Wu Jian
Xom
Yredelemnul
Zin
The Shining One
Beogh
Jiyva

Shops:
D:11 [(   Orc:2 :((?*   Shoals:2 [

Portals:
Pandemonium: Orc:2

Annotations:
D:7 1 runed translucent door, Crazy Yiuf
Shoals:3 Nikola
Spider:3 Roxanne


Innate Abilities, Weirdness & Mutations

You are clumsy. (Dex -2)


Message History

a +0 arbalest; 24 bolts
Found a scroll of teleportation.
Okay, then.
Unknown command.
Okay, then.
Okay, then.
Okay, then.
Okay, then.
You feel much better.
You regained 29 hp, and now have 61/178 hp.
You slash the ettin!
The ettin is severely wounded.
You hit the deep troll. You block the deep troll's attack. x2
The deep troll claws you but does no damage.
You slash the ettin!
The ettin is almost dead.
You hit the deep troll.
The ettin hits you with a +0 dire flail!!
* * * LOW HITPOINT WARNING * * *
You block the ettin's attack. You block the deep troll's attack.
The deep troll claws you but does no damage.
The deep troll completely misses you.
You take 21 damage, and have 40/178 hp.
You hit the ettin but do no damage.
The ettin is almost dead.
You hit the deep troll.
Lightning courses through the deep troll!
You block the ettin's attack.
The ettin hits you with a +0 dire flail!
* * * LOW HITPOINT WARNING * * *
You take 15 damage, and have 25/178 hp.
You slash the ettin!
You kill the ettin!
Okawaru accepts your kill.
You slash the deep troll!
Lightning courses through the deep troll!!
The deep troll bites you!
* * * LOW HITPOINT WARNING * * *
The deep troll claws you!!
You die...

.###.#......#
.###.#......# .#
.....#......# ..#
.....#......#########..#
##+###.................#
.....................[.#
.....).................#
...............).......#
............p.)T@......#
.p..)..................#
......................?#
.....[[...)............#
....[[...(.............#
##########+#############
#.........# #....≈....#
# #..(().≈..#


You could see a vault warden and a deep troll (strong).

Vanquished Creatures
  Arachne (Spider:2)
  Jorgrun (Shoals:1)
  Polyphemus (Shoals:3)
  Gastronok (Orc:1)
  A kraken (Shoals:4)
  3 sphinxes
  Agnes (Spider:1)
  Donald (Shoals:1)
  Ilsuiw (Shoals:3)
  6 emperor scorpions
  3 vault wardens
  6 ghost moths
  An orc warlord (Orc:2)
  2 ironbound preservers (Vaults:1)
  2 stone giants
  3 broodmothers
  5 very ugly things (D:14)
  An ironbound thunderhulk (Vaults:1)
  9 entropy weavers
  2 minotaurs
  4 spark wasps
  An ettin (Vaults:1)
  Snorg (Orc:2)
  A fire dragon (Lair:6)
  Josephine (D:14)
  A yaktaur captain (Vaults:1)
  A vault guard (D:14)
  7 merfolk impalers
  An ogre mage (D:15)
  3 ghost crabs
  6 hydras
  10 boulder beetles
  An ironbound frostheart (Vaults:1)
  3 jorogumos (Spider:1)
  A catoblepas (Shoals:2)
  2 demonspawn
  2 alligator snapping turtles
  A radroach (Spider:2)
  2 merfolk aquamancers
  14 satyrs
  12 two-headed ogres
  2 tengu warriors (D:15)
  7 centaur warriors
  2 merfolk avatars
  8 death scarabs (Spider:4)
  6 orc high priests
  8 death yaks
  A spectral emperor scorpion (Spider:4)
  Sonja (Lair:3)
  A soul eater (Orc:2)
  Urug (Lair:1)
  A sun moth (Spider:1)
  5 pharaoh ants
  5 fire crabs
  A sixfirhy (Orc:2)
  13 sea snakes
  6 deep trolls
  4 steelbarb worms
  10 orb spiders
  Pikel (D:7)
  4 lindwurms
  3 wizards
  A phantasmal warrior (D:10)
  4 ironbound convokers
  A deep elf pyromancer (D:13)
  5 orc knights
  10 spectral wolf spiders
  26 harpies
  10 orc sorcerers
  7 wolf spider zombies (Spider:3)
  20 elephants
  An oklob plant (Gauntlet)
  22 wolf spiders
  23 ugly things
  29 fauns
  A salamander (shapeshifter) (D:15)
  13 manticores
  11 cyclopes
  5 moths of wrath
  9 black mambas
  3 torpor snails
  12 merfolk sirens
  An apocalypse crab (Lair:4)
  An elephant (shapeshifter) (D:14)
  Joseph (D:8)
  4 vault sentinels
  2 water nymphs
  3 molten gargoyles (Lair:6)
  2 gargoyles
  A smoke demon (Orc:2)
  8 cane toads
  Maggie (D:6)
  A guardian serpent (D:10)
  An unseen horror (D:12)
  A freezing wraith (D:14)
  A kobold demonologist (D:11)
  2 rime drakes
  2 efreet
  13 komodo dragons
  11 yaktaurs (Vaults:1)
  A spectral redback (Spider:4)
  7 demonic crawlers
  A hellwing (Orc:2)
  15 meliai
  4 redback zombies (Spider:4)
  A queen bee (Spider:1)
  10 trolls
  A wolf spider simulacrum (Spider:3)
  38 merfolk
  7 wind drakes
  2 hornets (Spider:4)
  5 spectral jumping spiders (Spider:4)
  35 tarantellas
  5 spectral tarantellas (Spider:4)
  2 tarantella zombies (Spider:4)
  10 blink frogs
  3 large abominations (Gauntlet)
  10 snapping turtles
  12 dream sheep (Shoals:4)
  7 slime creatures
  29 jumping spiders
  22 culicivoras
  A ynoxinul (Gauntlet)
  20 water elementals
  7 wyverns
  3 wraiths (D:14)
  55 yaks
  A vampire (D:12)
  A shadow (D:9)
  Grum (Bailey)
  6 basilisks
  3 fire elementals (Volcano)
  50 redbacks
  2 steam dragons (Lair:6)
  A neqoxec (Orc:2)
  Menkaure (D:7)
  18 vampire mosquitoes
  7 wargs
  5 acid dragons
  3 hell hounds (Lair:6)
  9 water moccasins
  3 spectral hornets (Spider:4)
  24 orc warriors
  2 ice beasts (D:7)
  A black bear (D:5)
  A hornet zombie (Spider:4)
  30 wolves
  5 ogres
  7 boggarts
  17 centaurs
  2 lemures (D:7)
  A phantom (D:7)
  14 kobold brigands
  Blork the orc (D:6)
  14 bullfrogs
  8 gnoll sergeants
  6 scorpions
  A water moccasin zombie (D:6)
  4 small abominations (Gauntlet)
  26 killer bees
  12 wights (D:6)
  8 electric eels
  5 howler monkeys
  3 centaur zombies
  5 lava snakes (Lair:6)
  25 orc priests
  2 centaur skeletons (D:7)
  11 hounds
  3 iron imps (Gauntlet)
  4 iguanas
  Jessica (D:3)
  9 gnoll shamans
  Ijyb (D:3)
  A bullfrog skeleton (D:5)
  17 orc wizards
  8 hell rats
  Natasha (twice) (D:3)
  2 hound zombies (D:5)
  A howler monkey skeleton (D:5)
  11 adders
  7 river rats
  32 gnolls
  3 shadow imps
  2 adder skeletons (D:4)
  4 worms
  5 dart slugs
  71 orcs
  4 endoplasms
  10 giant cockroaches
  5 goblins
  4 hobgoblins
  6 jackals
  59 kobolds
  3 quokkas
  15 ball pythons
  12 bats
  5 frilled lizards
  5 kobold skeletons (D:11)
  13 kobold zombies (D:11)
  40 rats
  2 tentacles (Shoals:4)
1511 creatures vanquished.

Vanquished Creatures (others)
  A minotaur (Shoals:4)
  A dream sheep (Shoals:4)
  An orc priest (Orc:2)
  An orc (Orc:2)
  A bush (Lair:6)
  35 fungi
  77 plants
  10 tentacles (Shoals:4)
127 creatures vanquished.

Grand Total: 1638 creatures vanquished

Notes
Turn   | Place    | Note
-------+----------+-------------------------------------------
     0 | D:1      | gimp the Hill Orc Fighter began the quest for the Orb.
     0 | D:1      | Reached XP level 1. HP: 19/19 MP: 1/1
    18 | D:1      | Reached skill level 3 in Axes
   128 | D:1      | Reached XP level 2. HP: 27/27 MP: 2/2
   313 | D:1      | Reached skill level 4 in Axes
   315 | D:1      | Reached XP level 3. HP: 23/33 MP: 3/3
   958 | D:1      | Found a faded altar of an unknown god.
  1159 | D:2      | Reached XP level 4. HP: 35/41 MP: 4/4
  1419 | D:2      | Reached skill level 5 in Axes
  2191 | D:3      | Reached XP level 5. HP: 37/47 MP: 5/5
  2378 | D:3      | Noticed Jessica
  2381 | D:3      | Killed Jessica
  2425 | D:3      | Identified the ring "Domyfel" {Will+ rCorr Int+4}
  2476 | D:3      | Noticed Ijyb
  2486 | D:3      | Killed Ijyb
  2839 | D:3      | Reached skill level 6 in Axes
  2907 | D:3      | Reached skill level 5 in Fighting
  2986 | D:3      | Noticed Natasha
  2996 | D:3      | Killed Natasha
  2997 | D:3      | Reached XP level 6. HP: 27/56 MP: 6/6
  3302 | D:3      | Noticed Natasha
  3311 | D:3      | Killed Natasha
  4619 | D:5      | Entered Level 5 of the Dungeon
  4619 | D:5      | Found a glowing drain.
  4630 | D:5      | Reached skill level 7 in Axes
  4633 | D:5      | Reached XP level 7. HP: 54/61 MP: 7/7
  4641 | D:5      | Found the +7 captain's cutlass {speed, disarm}
  4665 | Sewer    | Entered a sewer
  5151 | Sewer    | Reached skill level 5 in Shields
  5276 | Sewer    | Reached skill level 8 in Axes
  5654 | D:5      | Noticed a two-headed ogre
  5664 | D:5      | Killed a two-headed ogre
  5665 | D:5      | Reached skill level 9 in Axes
  5665 | D:5      | Reached XP level 8. HP: 62/73 MP: 8/8
  5774 | D:5      | Reached skill level 10 in Axes
  6588 | D:5      | Reached skill level 11 in Axes
  6588 | D:5      | Reached XP level 9. HP: 78/79 MP: 9/9
  6601 | D:5      | You fall into a shaft and drop 2 floors!
  6625 | D:7      | Noticed Menkaure
  6877 | D:6      | Noticed Blork the orc
  6891 | D:6      | Killed Blork the orc
  7228 | D:6      | Reached skill level 12 in Axes
  7274 | D:6      | Found a sparkling altar of Nemelex Xobeh.
  7275 | D:6      | Found a burning altar of Makhleb.
  7992 | D:6      | Noticed Maggie
  7998 | D:6      | Killed Maggie
  8170 | D:6      | Reached skill level 13 in Axes
  8967 | D:7      | Killed Menkaure
  8968 | D:7      | Reached XP level 10. HP: 86/86 MP: 10/10
  9001 | D:7      | Reached skill level 14 in Axes
  9064 | D:7      | Found a staircase to the Ecumenical Temple.
  9075 | Temple   | Entered the Ecumenical Temple
  9206 | Temple   | Became a worshipper of Warmaster Okawaru
  9233 | D:7      | Noticed Pikel
  9272 | D:7      | Killed Pikel
  9586 | D:7      | Noticed a two-headed ogre
  9608 | D:7      | Killed a two-headed ogre
  9864 | D:7      | Found a runed translucent door.
  9864 | D:7      | Identified the +7 mace of Amortisation {vorpal, rCorr Int-3
                  | Dex+4}
  9865 | D:7      | Noticed Crazy Yiuf
  9982 | D:8      | Found a glowing silver altar of Zin.
 10026 | D:8      | Reached * piety under Okawaru
 10027 | D:8      | Reached skill level 15 in Axes
 10462 | D:8      | Reached skill level 5 in Armour
 10650 | D:8      | Reached skill level 1 in Invocations
 10824 | D:8      | Noticed Joseph
 10853 | D:8      | Killed Joseph
 10853 | D:8      | Reached ** piety under Okawaru
 11242 | D:9      | Found a flagged portal.
 11264 | Bailey   | Entered a bailey
 11915 | Bailey   | Reached XP level 11. HP: 83/92 MP: 13/13
 11932 | Bailey   | Reached skill level 16 in Axes
 12128 | Bailey   | Noticed Grum
 12150 | Bailey   | Killed Grum
 12531 | Bailey   | Got Urao's Tome of Dark Intoxication
 12694 | D:9      | Noticed a two-headed ogre
 12713 | D:9      | Killed a two-headed ogre
 13167 | D:9      | Reached *** piety under Okawaru
 13179 | D:9      | Found a staircase to the Lair.
 13412 | D:9      | Reached skill level 5 in Invocations
 13768 | D:9      | Reached skill level 17 in Axes
 13806 | D:9      | Reached **** piety under Okawaru
 14227 | D:9      | Reached XP level 12. HP: 112/112 MP: 16/16
 14310 | D:10     | Entered Level 10 of the Dungeon
 14330 | D:10     | Noticed a two-headed ogre
 14918 | D:10     | Found a shadowy altar of Dithmenos.
 15445 | D:10     | Found the +3 pair of seven-league boots {Rampage+∞}
 15657 | D:10     | Killed a two-headed ogre
 15925 | D:11     | Found Kiuxeb's Armour Boutique.
 15932 | D:11     | Found a staircase to the Orcish Mines.
 15932 | D:11     | Noticed a six-headed hydra
 16203 | D:11     | Reached skill level 18 in Axes
 16341 | D:11     | Reached XP level 13. HP: 118/118 MP: 18/18
 16355 | D:11     | Found Pekouh's Weapon Boutique.
 16372 | Orc:1    | Entered Level 1 of the Orcish Mines
 16727 | Orc:1    | Noticed Gastronok
 16981 | Orc:1    | Killed Gastronok
 17538 | Orc:1    | Found a roughly hewn altar of Beogh.
 17930 | Orc:2    | Entered Level 2 of the Orcish Mines
 17943 | Orc:2    | Noticed Snorg
 18200 | Orc:1    | Reached ***** piety under Okawaru
 18468 | Orc:2    | Noticed an orc warlord
 18545 | Orc:2    | Killed Snorg
 18546 | Orc:2    | Reached skill level 10 in Invocations
 18568 | Orc:2    | Reached skill level 10 in Armour
 18580 | Orc:1    | Received a gift from Okawaru
 19113 | Orc:2    | Killed an orc warlord
 19372 | Orc:2    | Found Ikiu's Antique Weapon Emporium.
 19408 | Orc:2    | Found a staircase to the Elven Halls.
 19417 | Orc:2    | Bought a broad axe for 120 gold pieces
 19801 | Orc:2    | Found Syvvoqi's Magic Scroll Shoppe.
 19801 | Orc:2    | Found Batt's General Store.
 19857 | Orc:2    | Reached skill level 1 in Evocations
 21127 | D:11     | Received a gift from Okawaru
 21271 | D:11     | Found an ancient bone altar of Kikubaaqudgha.
 21763 | D:12     | Reached XP level 14. HP: 122/126 MP: 22/22
 21888 | Orc:2    | Bought a +2 kite shield for 181 gold pieces
 21888 | Orc:2    | Bought a scroll of identify for 22 gold pieces
 21888 | Orc:2    | Bought a potion of curing for 33 gold pieces
 21888 | Orc:2    | Bought a potion of haste for 110 gold pieces
 21890 | Orc:2    | Bought a scroll of teleportation for 42 gold pieces
 21890 | Orc:2    | Bought a scroll of identify for 28 gold pieces
 21890 | Orc:2    | Bought a scroll of teleportation for 42 gold pieces
 21890 | Orc:2    | Bought a scroll of fear for 49 gold pieces
 21890 | Orc:2    | Bought a scroll of teleportation for 42 gold pieces
 21991 | Lair:1   | Entered Level 1 of the Lair of Beasts
 22024 | Lair:1   | Found a gate leading to a gauntlet.
 22027 | Lair:1   | Found the +7 staff of the Meek {protect, meekguard}
 22058 | Gauntlet | Entered a Gauntlet
 22058 | Gauntlet | Found a transporter.
 22058 | Gauntlet | Found a transporter.
 22064 | Gauntlet | Found a transporter.
 22080 | Gauntlet | Found a transporter.
 22085 | Gauntlet | Found a runed translucent door.
 22094 | Gauntlet | Found a transporter.
 22094 | Gauntlet | Found a transporter.
 22094 | Gauntlet | Found a transporter.
 22096 | Gauntlet | Found a transporter.
 22096 | Gauntlet | Found a transporter.
 22098 | Gauntlet | Noticed a reaper
 22113 | Gauntlet | Found a transporter.
 22124 | Gauntlet | Found a transporter.
 22134 | Gauntlet | Found a transporter.
 22171 | Gauntlet | Found a transporter.
 22192 | Gauntlet | Found a transporter.
 22193 | Gauntlet | Found the +2 cloak of the Thief {*Fog Slay-2 SInv Stlth+}
 22721 | Gauntlet | Identified the ring "Jalis" {Wiz rN+ rCorr}
 22733 | Gauntlet | Identified the +2 hand crossbow "Siehacs" {elec, rC++ Str+3
                  | Int-4}
 22733 | Gauntlet | Identified the +3 acid dragon scales "Kiucaif" {rPois Will+
                  | rCorr}
 23312 | Lair:1   | Identified a scroll of acquirement
 23312 | Lair:1   | Acquired 405 gold pieces
 23454 | Lair:1   | Noticed Urug
 23466 | Lair:1   | Killed Urug
 23888 | Lair:2   | Identified the +3 ring mail "Lozufare" {-Tele rN+ Dex+4
                  | Stlth+} (Okawaru gifted it to you on level 2 of the Lair of
                  | Beasts)
 23888 | Lair:2   | Received a gift from Okawaru
 24361 | Lair:2   | Reached skill level 10 in Shields
 25072 | Lair:3   | Found a hole to the Spider Nest.
 25251 | Lair:3   | Found a sacrificial altar of Ru.
 25360 | Lair:3   | Noticed Sonja
 25363 | Lair:3   | Killed Sonja
 25675 | Lair:4   | Found a runed translucent door.
 25802 | Lair:4   | Found a staircase to the Shoals.
 26775 | Lair:4   | Noticed an entropy weaver
 26792 | Lair:4   | Killed an entropy weaver
 27091 | Lair:4   | Noticed an entropy weaver
 27097 | Lair:4   | Killed an entropy weaver
 27097 | Lair:4   | Identified the +14 chain mail of the Evening {Regen+
                  | Slay+6} (Okawaru gifted it to you on level 4 of the Lair of
                  | Beasts)
 27097 | Lair:4   | Received a gift from Okawaru
 27141 | Lair:4   | Noticed an entropy weaver
 27156 | Lair:4   | Killed an entropy weaver
 27160 | Arena    | Entered the Arena
 27239 | Lair:4   | Noticed an entropy weaver
 27244 | Lair:4   | Killed an entropy weaver
 27245 | Lair:4   | Reached XP level 15. HP: 129/133 MP: 21/24
 27262 | Lair:4   | Reached skill level 15 in Armour
 27451 | Lair:5   | Reached skill level 5 in Evocations
 27850 | Lair:5   | Found a dark tunnel.
 27855 | Volcano  | Entered a volcano
 28354 | Lair:5   | Found a viscous altar of Jiyva.
 28354 | Lair:5   | Found a staircase to the Slime Pits.
 28546 | Lair:6   | Entered Level 6 of the Lair of Beasts
 28549 | Lair:6   | Identified the +4 ring mail of Whack-A-Mole {rElec rC+
                  | Will+} (Okawaru gifted it to you on level 6 of the Lair of
                  | Beasts)
 28549 | Lair:6   | Received a gift from Okawaru
 29407 | Lair:6   | Found a large runed translucent door.
 29408 | Lair:6   | Found a large runed translucent door.
 29471 | Lair:6   | Received a gift from Okawaru
 29675 | Lair:6   | Identified the +1 hunting sling "Feisch" {flame, rPois}
 30077 | D:12     | Received a gift from Okawaru
 30154 | D:12     | Reached XP level 16. HP: 133/139 MP: 25/25
 31435 | D:14     | Reached skill level 10 in Evocations
 31593 | D:14     | Noticed Josephine
 31606 | D:14     | Killed Josephine
 31759 | D:14     | Reached ****** piety under Okawaru
 31809 | D:14     | Identified the +1 cloak "Fussaul" {Rampage Int+2} (Okawaru
                  | gifted it to you on level 14 of the Dungeon)
 31809 | D:14     | Received a gift from Okawaru
 31966 | D:14     | Reached skill level 15 in Shields
 31992 | D:14     | Found a gate to the Vaults.
 32159 | D:15     | Entered Level 15 of the Dungeon
 32167 | D:15     | Found a burning altar of Makhleb.
 32383 | D:15     | Found a staircase to the Depths.
 33038 | Orc:2    | Reached XP level 17. HP: 121/146 MP: 26/26
 33113 | Orc:2    | Received a gift from Okawaru
 33130 | Orc:2    | Found Waduj's Book Shop.
 33130 | Orc:2    | Found Koaleg's Antique Weapon Boutique.
 33131 | Orc:2    | Found a one-way gate leading to the halls of Pandemonium.
 33377 | Shoals:1 | Entered Level 1 of the Shoals
 33391 | Shoals:1 | You are sucked into a shaft and drop 1 floor!
 33594 | Shoals:2 | Reached skill level 1 in Throwing
 33682 | Shoals:2 | Found Teol's Antique Armour Emporium.
 33770 | Arena    | Entered the Arena
 34635 | Shoals:1 | Noticed Jorgrun
 34654 | Shoals:1 | Killed Jorgrun
 34688 | Arena    | Entered the Arena
 34834 | Shoals:1 | Received a gift from Okawaru
 34857 | Shoals:1 | Noticed Donald
 34869 | Shoals:1 | Killed Donald
 35052 | Shoals:1 | Reached skill level 5 in Throwing
 35084 | Shoals:1 | Reached skill level 15 in Evocations
 35093 | Shoals:1 | Received a gift from Okawaru
 35538 | Shoals:3 | Noticed Polyphemus
 35538 | Shoals:3 | Noticed Ilsuiw
 35553 | Shoals:2 | Received a gift from Okawaru
 35678 | Shoals:3 | Reached skill level 1 in Dodging
 35683 | Arena    | Entered the Arena
 35807 | Shoals:3 | Killed Ilsuiw
 35860 | Shoals:3 | Reached XP level 18. HP: 102/161 MP: 24/27
 36382 | Shoals:3 | Noticed Nikola
 36398 | Shoals:3 | Killed Polyphemus
 36492 | Shoals:4 | Entered Level 4 of the Shoals
 36528 | Shoals:4 | Reached skill level 15 in Fighting
 36677 | Arena    | Entered the Arena
 36873 | Arena    | Entered the Arena
 37461 | Shoals:4 | Reached skill level 5 in Dodging
 37477 | Shoals:4 | Got a barnacled rune of Zot
 37754 | Spider:1 | Entered Level 1 of the Spider Nest
 37777 | Spider:1 | Noticed Agnes
 37793 | Spider:1 | Killed Agnes
 37793 | Spider:1 | Received a gift from Okawaru
 38099 | Spider:1 | Reached skill level 10 in Throwing
 38108 | Spider:1 | Received a gift from Okawaru
 38578 | Spider:1 | Identified the +2 scale mail of Shielding {Fly rElec}
                  | (Okawaru gifted it to you on level 1 of the Spider Nest)
 38578 | Spider:1 | Received a gift from Okawaru
 38580 | Spider:1 | Reached XP level 19. HP: 59/170 MP: 28/28
 39674 | Spider:1 | Paralysed by a jorogumo for 1 turns
 42970 | Spider:3 | Gained mutation: You are clumsy. (Dex -2) [mutagenic glow]
 43828 | Spider:3 | Noticed Arachne
 45673 | Spider:3 | Identified Roxanne's Tome of Shape Shifting
 45673 | Spider:3 | Noticed Roxanne
 45709 | Spider:2 | Killed Arachne
 47437 | Spider:4 | Entered Level 4 of the Spider Nest
 47930 | Spider:4 | Received a gift from Okawaru
 48712 | Spider:4 | Reached XP level 20. HP: 170/178 MP: 27/29
 49640 | Spider:4 | Received a gift from Okawaru
 50241 | Spider:4 | Received a gift from Okawaru
 50624 | Spider:4 | Got a gossamer rune of Zot
 51067 | Vaults:1 | Entered Level 1 of the Vaults
 51562 | D:14     | Identified the +2 pair of boots of Geikacadyu {Dex+6}
                  | (Okawaru gifted it to you on level 14 of the Dungeon)
 51562 | D:14     | Received a gift from Okawaru
 52084 | D:14     | Reached skill level 15 in Throwing
 53782 | Vaults:1 | Mangled by a deep troll

Illustrated notes

Levels and vault maps discovered:
D:1:      scummos_arrival_simple_fountains, layout_rooms,
          hellmonk_ecumenical_altar_dog_temple, hangedman_feature_mirror,
          st_stairs_12
D:2:      layout_rooms, hex_large, wander_ebering_terrifying_dragon_lair
D:3:      layout_loops_corners, minmay_randomly_rotated_circles, uniq_natasha,
          uniq_jessica, uniq_ijyb
D:4:      layout_loops_cross
D:5:      minmay_polygon_palace, layout_loops_ring, portal_sewer_entry_a
D:6:      layout_gridville, gammafunk_temple_overflow_pools, fountainhead,
          uniq_blork_the_orc, uniq_maggie
D:7:      layout_rooms, minmay_temple_entry_proselytizer, uniq_pikel,
          uniq_menkaure, uniq_crazy_yiuf_cottage
D:8:      layout_loops_ring, general_overflow_altar, uniq_joseph
D:9:      layout_roguey, erik_lair_island, enter_bailey_2
D:10:     layout_basic, grunt_dithmenos_smoke_and_mirrors,
          hellmonk_guarded_unrand_seven_league_boots
D:11:     wander_kiku_kobolds, layout_cave_pools, orc_david_3
D:12:     layout_basic
D:13:     layout_basic
D:14:     erik_rubicon_a, layout_loops_ring, david_vaults_5, skrybe_limestone_x,
          kennysheep_generic_room_3, uniq_josephine
D:15:     grunt_enter_depths_snipers, layout_rooms, minivault_14, bloody_makhleb
Temple:   compressed_dpeg_circular_temple
Lair:1:   layout_long_grid, gauntlet_entry_generic, uniq_urug
Lair:2:   layout_cave_pods, kennysheep_abandoned_house
Lair:3:   layout_small_grid, nicolae_spider_entry_non_spiders, basic_altar,
          uniq_sonja
Lair:4:   gammafunk_mikee_crab_dinner, layout_cellular_growth,
          minmay_shoals_entry_hut
Lair:5:   layout_gridlike, dpeg_slime_entry_enclosed_altar,
          nicolae_volcano_entry_s_turn, grunt_megastairs_4
Lair:6:   cheibrodos_lair_end_hotspot, layout_loops_ring
Shoals:1: layout_shoals, nicolae_shoals_stone_sculpture_thing, uniq_donald,
          uniq_jorgrun
Shoals:2: cheibrodos_shoals_oceanic_diplomacy, layout_shoals,
          nicolae_shoals_c_island
Shoals:3: layout_shoals, uniq_polyphemus, uniq_nikola, uniq_ilsuiw
Shoals:4: shoals_end_hellmonk_lost_city, serial_shops
Spider:1: layout_spider_delve, special_room [special_room_bee], uniq_agnes
Spider:2: layout_chambers
Spider:3: layout_spider_delve, nicolae_spider_undead_wolf_pack, uniq_arachne,
          uniq_roxanne
Spider:4: floodkiller_spider_rune_tomb, guppyfry_spider_mini_1
Orc:1:    layout_caves, mines2_david, uniq_gastronok
Orc:2:    pf_orc_diabolical, layout_caves, serial_shops,
          nicolae_shop_temple_entry_statues_fountains, uniq_snorg
Vaults:1: dpeg_vaults_monster_box, hangedman_vaults_nails, v_rooms_5, v_misc_33,
          vaults_room_mumra_shop_pool, v_misc_15,
          nicolae_vaults_ring_of_whatevers, ontoclasm_vaults_gateway,
          ontoclasm_vaults_decontamination, layout_vaults_big_room

Skill      XL: |  1  2  3  4  5  6  7  8  9 10 11 12 13 14 15 16 17 18 19 20 |
---------------+-------------------------------------------------------------+-----
Axes           | 3 4 5 6 7 9 11 13 15 17 18 | 18.0
Fighting       | 4 5 7 12 14 15 | 15.0
Shields        | 4 6 7 8 9 11 13 15 16 | 16.3
Armour         | 5 7 8 12 14 15 | 15.0
Invocations    | 3 5 7 11 12 13 | 13.0
Evocations     | 3 4 9 13 15 | 15.0
Throwing       | 6 10 13 15 | 15.6
Dodging        | 1 5 8 |  8.1

Action                   |  1- 3 |  4- 6 |  7- 9 | 10-12 | 13-15 | 16-18 | 19-21 || total
-------------------------+-------+-------+-------+-------+-------+-------+-------++-------
Melee: War axe           |   104 |   209 |   315 |   353 |  1287 |  1390 |  1368 ||  5026
       Hand axe          |       |       |    35 |   281 |       |       |       ||   316
       Flail             |       |       |       |       |     7 |       |       ||     7
Throw: Dart              |       |       |       |     7 |     5 |       |     1 ||    13
       Throwing net      |       |       |       |       |     1 |       |       ||     1
Invok: Heroism           |       |       |       |    10 |    22 |    23 |    19 ||    74
       Finesse           |       |       |       |     2 |     7 |     4 |     4 ||    17
       Duel              |       |       |       |       |     1 |     5 |       ||     6
Evoke: Wand              |       |       |     5 |     8 |     1 |     1 |       ||    15
       Tin of tremorston |       |       |       |       |       |     3 |       ||     3
       Condenser vane    |       |       |       |       |       |     1 |     1 ||     2
       Phial of floods   |       |       |       |       |       |     1 |       ||     1
  Use: Scroll            |       |       |     5 |    10 |    12 |     7 |     6 ||    40
       Potion            |       |       |     2 |     1 |     3 |     3 |     5 ||    14
 Stab: Paralysed         |       |       |    10 |       |     2 |       |       ||    12
       Held in net/web   |       |       |       |       |     2 |       |       ||     2
       Distracted        |       |       |       |       |     1 |     1 |       ||     2
       Fleeing           |       |       |       |       |       |       |     1 ||     1
Armor: Scale mail        |    63 |    64 |       |       |       |       |       ||   127
       Leather armour    |       |    40 |   106 |       |       |       |       ||   146
       Swamp dragon scal |       |       |    13 |   227 |   164 |       |       ||   404
       Acid dragon scale |       |       |       |       |   108 |    78 |   745 ||   931
       Chain mail        |       |       |       |       |   272 |   623 |       ||   895
Dodge: Dodged            |    86 |   120 |   152 |   232 |   354 |   439 |   797 ||  2180
Block: Buckler           |    31 |    38 |    82 |   180 |   120 |       |       ||   451
       Kite shield       |       |       |       |       |   422 |  1072 |   658 ||  2152
       Tower shield      |       |       |       |       |       |       |   640 ||   640

Table legend: (Time is in decaauts)
 A = Elapsed time spent in this place.
 B = Non-inter-level travel time spent in this place.
 C = Inter-level travel time spent in this place.
 D = Time resting spent in this place.
 E = Time spent auto-exploring this place.
 F = Levels seen in this place.
 G = Mean time per level.
                   A        B        C        D        E       F      G
               +--------+--------+--------+--------+--------+-----+--------+
         Total |  52839 |  50458 |   2381 |   8271 |  32462 |  43 | 1228.8 |
       Dungeon |  20676 |  19643 |   1033 |   2423 |  13842 |  15 | 1378.4 |
        Temple |    143 |    132 |     11 |      0 |    113 |   1 |  143.0 |
          Lair |   6914 |   6348 |    566 |    311 |   4946 |   6 | 1152.3 |
        Shoals |   3947 |   3728 |    219 |    367 |   2133 |   4 |  986.8 |
   Spider Nest |  12845 |  12551 |    294 |   3459 |   7373 |   4 | 3211.2 |
  Orcish Mines |   3773 |   3516 |    257 |   1147 |   1573 |   2 | 1886.5 |
        Vaults |   1084 |   1084 |      0 |    159 |    622 |   1 | 1084.0 |
         Sewer |    818 |    818 |      0 |      0 |    594 |   1 |  818.0 |
        Bailey |   1377 |   1377 |      0 |    307 |    835 |   1 | 1377.0 |
       Volcano |    330 |    330 |      0 |     10 |    153 |   1 |  330.0 |
      Gauntlet |    707 |    707 |      0 |     46 |    278 |   1 |  707.0 |
         Arena |    220 |    220 |      0 |     41 |      0 |   6 |   36.7 |
               +--------+--------+--------+--------+--------+-----+--------+

Top non-repeatable levels by time:
Spider:2: 5880 daAuts
Spider:4: 3284 daAuts
Spider:1: 2669 daAuts
    D:14: 2340 daAuts
   Orc:1: 1990 daAuts
     D:9: 1971 daAuts
    D:11: 1814 daAuts
     D:6: 1809 daAuts
   Orc:2: 1783 daAuts
  Lair:4: 1755 daAuts
    D:10: 1715 daAuts
     D:5: 1696 daAuts
     D:3: 1432 daAuts
  Bailey: 1377 daAuts
Shoals:2: 1305 daAuts
